 Dungeon Crawl Stone Soup version 0.22.1-2-g9c5b331383 (webtiles) character file.

2389 rlganon the Fighter (level 9, -1/76 HPs)
             Began as a Barachi Fighter on Nov 25, 2018.
             Slain by an orc warrior
             ... wielding a +0 hand axe
              (29 damage)
             ... on level 7 of the Dungeon.
             The game lasted 00:42:49 (8444 turns).

rlganon the Fighter (Barachi Fighter)               Turns: 8444, Time: 00:42:50

Health: -1/76      AC:  9    Str: 21    XL:     9   Next: 46%
Magic:  9/9        EV:  7    Int:  8    God:
Gold:   85         SH:  9    Dex: 14    Spells: 8/8 levels left

rFire    . . .     SeeInvis .   j - +2 trident (pierce)
rCold    . . .     Gourm    .   t - +0 shield
rNeg     . . .     Faith    .   w - +0 scale mail {MR+}
rPois    .         Spirit   .   H - +0 helmet
rElec    .         Reflect  .   (no cloak)
rCorr    .         Harm     .   (no gloves)
MR       +....                  (no boots)
Stlth    ..........             (no amulet)
HPRegen  0.22/turn              g - ring of wizardry
MPRegen  0.11/turn              A - +2 ring of dexterity

@: slow
A: +LOS, swims, slowness 1, strong legs 1
a: Hop


   Skills:
 + Level 9.3 Fighting
   Level 3.3 Maces & Flails
 * Level 7.7 Polearms
 - Level 3.0 Throwing
 + Level 6.8 Armour
 - Level 3.5 Shields


You had 8 spell levels left.
You didn't know any spells.
Your spell library contained the following spells:

 Spells                   Type           Power        Failure   Level  Hunger
 Confusing Touch          Hex            #.....       86%         1    ##.....
 Magic Dart               Conj           #...         86%         1    ##.....
 Sandblast                Erth           #.....       86%         1    ##.....
 Blink                    Tloc           N/A          94%         2    ###....
 Call Imp                 Summ           #.......     94%         2    ###....
 Passwall                 Tmut/Erth      #.......     94%         2    ###....
 Slow                     Hex            #.......     94%         2    ###....
 Confuse                  Hex            #.......     99%         3    ####...
 Conjure Flame            Conj/Fire      #.......     99%         3    ####...
 Gell's Gravitas          Tloc           #.........   99%         3    ####...
 Mephitic Cloud           Conj/Pois/Air  #.......     99%         3    ####...
 Stone Arrow              Conj/Erth      #.....       99%         3    ####...
 Petrify                  Tmut/Erth      #.......     100%        4    #####..
 Lee's Rapid Deconstruct  Erth           #.........   100%        5    ######.
 Metabolic Englaciation   Hex/Ice        #.........   100%        5    ######.
 Yara's Violent Unravell  Hex/Tmut       #.........   100%        5    ######.


Innate Abilities, Weirdness & Mutations

Shadows flee at your approach. (+LOS)
You can swim through water.
You cover ground slowly.
You can hop short distances.

Inventory:

Hand Weapons
 j - a +2 trident of piercing (weapon)
Missiles
 c - 5 javelins
 x - 3 tomahawks
 z - 161 stones (quivered)
Armour
 t - a +0 shield (worn)
 w - a +0 scale mail of magic resistance (worn)
 H - a +0 helmet (worn)
Jewellery
 g - a ring of wizardry (left hand)
 A - a +2 ring of dexterity (right hand)
 C - an uncursed ring of fire
Wands
 a - a wand of random effects (17)
 F - a wand of enslavement (17)
Scrolls
 e - 3 scrolls of teleportation
 h - 2 scrolls of enchant weapon {unknown}
 n - 3 scrolls of fog {unknown}
 p - a scroll of noise {unknown}
 q - a scroll of amnesia {unknown}
 u - a scroll of magic mapping {unknown}
 v - 2 scrolls of immolation {unknown}
 y - 4 scrolls of identify
 B - 2 scrolls of remove curse {unknown}
Potions
 b - a potion of flight {unknown}
 d - a potion of ambrosia {unknown}
 i - 3 potions of lignification {unknown}
 k - 3 potions of haste
 l - 3 potions of might
 o - 6 potions of brilliance {unknown}
 r - 3 potions of agility {unknown}
 s - 4 potions of heal wounds
 D - 5 potions of curing
 E - a potion of resistance {unknown}
Comestibles
 f - 13 rations

..#.# #... #((.# #.## ##
#(# ##.#( .. #†# #..#(
##.#######)########..##
.##........<.##..........
...........((......).....
.##.#.##(###......[)<....
........☹?..(....###..#..
.####..#o#(##....# #..#..
......oo..(.....#......
.........#.....(.<#...#..
.........#..#.#.(.#......
.........#..#.#..........
####.....#..#.#.#.##.....
#.#...#..... ..##....#
.......#.o.. #


You could see an orc warrior (berserk) and 2 orcs.


Message History

Press: ? - help, Dir - move target cursor, f/p - crimson imp
Aim: a crimson imp (severely wounded)
You reach to attack!
You completely miss the crimson imp.
The crimson imp is severely wounded.
The crimson imp throws a stone.
You block the stone.
Attack whom?
Press: ? - help, Dir - move target cursor, f/p - crimson imp
Aim: a crimson imp (heavily wounded)
You reach to attack!
You miss the crimson imp.
The crimson imp is heavily wounded.
The crimson imp throws a stone.
The stone barely misses you.
Attack whom?
Press: ? - help, Dir - move target cursor, f/p - crimson imp
Aim: a crimson imp (heavily wounded)
You reach to attack!
You hit the crimson imp.
The crimson imp is severely wounded.
The crimson imp blinks!
Throwing (i - inventory. (/) - cycle)
z - 165 stones (quivered)
Press: ? - help, Shift-Dir - straight line, f/p - crimson imp
Aim: a crimson imp (severely wounded)
You throw a stone.
The stone barely misses the crimson imp.
The crimson imp blinks!
You start resting.
HP restored.
You see here a worker ant corpse.
The centaur shoots an arrow.
The arrow hits you!
The centaur shoots an arrow.
The arrow barely misses you.
Things that are here:
3 stones; 3 arrows You see here a worker ant corpse.
A crimson imp is nearby!
The crimson imp blinks!
Things that are here:
a dagger; 8 stones; a kobold corpse The crimson imp throws a stone.
The stone hits you but does no damage.
The crimson imp throws a stone.
The stone hits you but does no damage.
You see here a stone.
Throwing (i - inventory. (/) - cycle)
z - 164 stones (quivered)
Press: ? - help, Shift-Dir - straight line, f/p - crimson imp
Aim: a crimson imp You throw a stone.
The stone hits the crimson imp but does no damage.
The crimson imp throws a stone.
The stone hits you but does no damage.
The crimson imp throws a stone.
The stone hits you but does no damage.
The crimson imp throws a stone.
The stone hits you but does no damage.
The crimson imp throws a stone.
The stone hits you but does no damage.
You see here 2 stones.
The crimson imp throws a stone.
The stone hits you but does no damage.
You see here a stone.
You see here a stone.
Throwing (i - inventory. (/) - cycle)
z - 163 stones (quivered)
Press: ? - help, Shift-Dir - straight line, f/p - crimson imp
Aim: a crimson imp You throw a stone.
The stone hits the crimson imp.
The crimson imp is lightly wounded.
Attack whom?
Press: ? - help, Dir - move target cursor, f/p - crimson imp
Aim: a crimson imp You reach to attack!
You closely miss the crimson imp. You closely miss the crimson imp.
The crimson imp hits you but does no damage.
An orc warrior comes into view. It is wielding a hand axe.
The crimson imp hits you but does no damage.
You puncture the crimson imp!
The crimson imp is severely wounded.
You block the crimson imp's attack.
You hit the crimson imp.
You kill the crimson imp!
You start resting.
The orc warrior is too close now for your liking.
Throwing (i - inventory. (/) - cycle)
z - 162 stones (quivered)
Press: ? - help, Shift-Dir - straight line, f - orc warrior
Aim: an orc warrior, wielding a hand axe and wearing a plate armour (hasn't You throw a stone.
The orc warrior shouts!
The stone hits the orc warrior but does no damage.
You hear a shout!
The orc warrior throws a stone.
The stone hits you! 2 orcs come into view.
The orc shouts! x2
The orc warrior drinks a potion.
The orc warrior goes berserk!
The orc moves out of view.
Attack whom?
Press: ? - help, Dir - move target cursor, f/p - orc warrior
Aim: an orc warrior, wielding a hand axe and wearing a plate armour (berserk, You reach to attack!
You hit the orc warrior.
The orc warrior is lightly wounded.
You block the orc warrior's attack.
You hit the orc warrior.
The orc warrior is moderately wounded.
The orc warrior hits you with a hand axe!
You puncture the orc warrior!
The orc warrior is severely wounded.
The orc warrior hits you with a hand axe!!
* * * LOW HITPOINT WARNING * * *
You hit the orc warrior but do no damage.
The orc warrior is severely wounded.
The orc warrior hits you with a hand axe!!
You die...

Dungeon Overview and Level Annotations

Branches:
Dungeon (7/15)             Temple (1/1) D:4

Altars:
Ashenzari
Dithmenos
Fedhas
Gozag
Hepliaklqana
Kikubaaqudgha
Makhleb
Nemelex Xobeh
Okawaru
Qazlal
Sif Muna
Trog
Uskayaw
Vehumet
Wu Jian
Xom
Yredelemnul
Zin
The Shining One

Shops:
D:6 !(!

Notes
Turn   | Place    | Note
-------+----------+-------------------------------------------
     0 | D:1      | rlganon the Barachi Fighter began the quest for the Orb.
     0 | D:1      | Reached XP level 1. HP: 18/18 MP: 1/1
   220 | D:1      | Reached XP level 2. HP: 19/25 MP: 2/2
  1208 | D:2      | Reached skill level 4 in Fighting
  1217 | D:2      | Reached XP level 3. HP: 24/30 MP: 3/3
  1424 | D:2      | Noticed Robin
  1444 | D:2      | HP: 1/30 [Robin/trident of piercing (1)]
  1445 | D:2      | Killed Robin
  1777 | D:2      | Noticed Jessica
  1804 | D:2      | Reached XP level 4. HP: 37/37 MP: 4/4
  2050 | D:2      | Reached skill level 1 in Throwing
  2118 | D:2      | Killed Jessica
  2118 | D:2      | Reached skill level 1 in Polearms
  2736 | D:2      | Reached XP level 5. HP: 42/43 MP: 5/5
  3109 | D:3      | Found an ancient bone altar of Kikubaaqudgha.
  3141 | D:3      | Found a shadowy altar of Dithmenos.
  3226 | D:3      | Noticed Terence
  3257 | D:3      | Killed Terence
  3379 | D:3      | Noticed Ijyb
  3402 | D:3      | Killed Ijyb
  3859 | D:4      | Found a staircase to the Ecumenical Temple.
  3896 | D:4      | Reached XP level 6. HP: 49/49 MP: 6/6
  4191 | D:4      | Reached skill level 5 in Fighting
  4608 | Temple   | Entered the Ecumenical Temple
  4776 | D:5      | Entered Level 5 of the Dungeon
  4960 | D:5      | Reached XP level 7. HP: 32/56 MP: 7/7
  5191 | D:5      | Noticed Sigmund
  5204 | D:5      | Killed Sigmund
  5204 | D:5      | Reached skill level 6 in Fighting
  5204 | D:5      | Reached skill level 5 in Polearms
  5331 | D:5      | Found a glowing drain.
  5352 | Sewer    | Entered a sewer
  5499 | Sewer    | Reached XP level 8. HP: 63/65 MP: 8/8
  5564 | Sewer    | Reached skill level 7 in Fighting
  5825 | Sewer    | Reached skill level 8 in Fighting
  6492 | D:6      | Reached skill level 5 in Armour
  7032 | D:7      | Noticed a dagger
  7033 | D:7      | Found a hide-covered altar of Uskayaw.
  7033 | D:7      | Noticed a hand axe
  7052 | D:7      | Found a bloodstained altar of Trog.
  7438 | D:6      | Reached XP level 9. HP: 68/75 MP: 9/9
  7505 | D:6      | Found Dasuh's Distillery.
  7683 | D:6      | Bought a potion of might for 40 gold pieces
  7700 | D:6      | Found Egynu's Antique Weapon Shop.
  7874 | D:6      | Reached skill level 9 in Fighting
  8006 | D:6      | Found Jioserch's Distillery.
  8015 | D:6      | Bought a potion of degeneration for 11 gold pieces
  8015 | D:6      | Bought a potion of heal wounds for 55 gold pieces
  8444 | D:7      | Slain by an orc warrior

Vault maps used:
D:1:      lemuel_arrival_broad_hall
D:2:      first_ration, uniq_jessica, uniq_robin
D:3:      lemuel_coloured_pillars_altar, lemuel_crystal_altar,
          serial_park_tiny_1, uniq_terence, uniq_ijyb
D:4:      temple_pool_b
D:5:      cheibrodos_sewer_entry_drain, minmay_fountain_box,
          kennysheep_generic_room_15, uniq_sigmund
D:6:      serial_shops, shop, kennysheep_little_box, kennysheep_mini,
          st_stairs_3
D:7:      dancing_weapons_uskayaw, serial_shops, shop, kb_lookout_dungeons_type,
          trog_book
Temple:   eino_temple_rhombus
Sewer:    sewer_minmay_treatment

Vanquished Creatures
  Sigmund (D:5)
  A hungry ghost (D:6)
  A water moccasin (D:6)
  3 sky beasts (D:6)
  An orc warrior (D:7)
  A centaur (D:5)
  3 ogres (D:4 D:6)
  A bullfrog (D:7)
  4 big kobolds (Sewer D:7)
  A jelly (D:6)
  A crimson imp (D:7)
  2 hounds (D:5 D:6)
  2 bullfrog zombies (D:5)
  A centaur skeleton (D:6)
  3 orc priests (D:6 D:7)
  3 orc wizards (D:4 D:6 D:7)
  Ijyb (D:3)
  An iguana (D:4)
  Jessica (D:2)
  Terence (D:3)
  5 worker ants (D:4 D:6 D:7)
  Robin (D:2)
  4 adders (D:3 Sewer)
  10 gnolls (D:2 D:6)
  6 river rats (Sewer)
  2 oozes (D:2 D:3)
  2 adder skeletons (D:4 D:5)
  4 worms (D:2 D:3 D:5)
  3 dart slugs (D:1 D:4 D:5)
  3 leopard geckos (D:1 D:6)
  14 orcs (D:3 D:4 D:6 D:7)
  7 ball pythons (D:2 D:5 Sewer)
  5 bats (D:2 D:3)
  6 giant cockroaches (D:1 D:2 D:3 D:6)
  9 goblins (D:1 D:2)
  10 hobgoblins (D:1 D:2 D:3)
  3 jackals (D:6)
  19 kobolds (D:1 D:2 D:3 Sewer D:7)
  5 quokkas (D:4 D:6)
  7 frilled lizards (D:1 D:2 D:3 Sewer)
  A giant cockroach zombie (D:5)
  A jackal skeleton (D:6)
  25 rats (D:1 D:2 D:3 D:5 Sewer)
185 creatures vanquished.

Action                   |  1- 3 |  4- 6 |  7- 9 || total
-------------------------+-------+-------+-------++-------
Melee: Flail             |   107 |       |       ||   107
       Trident           |     4 |   177 |   389 ||   570
Throw: Stone             |    14 |    34 |    42 ||    90
       Tomahawk          |       |     3 |       ||     3
       Javelin           |       |     2 |     4 ||     6
  Use: Potion            |     4 |       |     2 ||     6
       Scroll            |       |     3 |     1 ||     4
  Eat: Chunk             |     3 |    11 |     7 ||    21
       Ration            |       |     1 |     4 ||     5
Armor: Scale mail        |    42 |    48 |   138 ||   228
Dodge: Dodged            |    33 |    28 |    92 ||   153
Block: Shield            |    48 |    72 |   158 ||   278

Table legend:
 A = Turns spent in this place as a percentage of turns spent in the entire game.
 B = Non-inter-level travel turns spent in this place as a percentage of non-inter-level travel turns spent in the entire game.
 C = Inter-level travel turns spent in this place as a percentage of turns spent in this place.
 D = Turns resting spent in this place as a percentage of non-inter-level travel turns spent in this place.
 E = Turns spent auto-exploring this place as a percentage of non-inter-level travel turns spent in this place.
 F = Non-inter-level travel turns spent in this place divided by the number of levels of this place that you've seen.
                   A       B       C       D       E      F
               +-------+-------+-------+-------+-------+----------------------
         Total | 100.0 | 100.0 |   4.7 |  24.8 |  54.1 | 894.6
       Dungeon |  90.5 |  90.2 |   5.0 |  26.3 |  55.1 | 1037.4
        Temple |   1.6 |   1.5 |   9.0 |   0.0 |  97.5 | 121.0
         Sewer |   7.9 |   8.3 |   0.0 |  12.7 |  35.0 | 668.0
               +-------+-------+-------+-------+-------+----------------------

Table legend:
 A = Kills in this place as a percentage of kills in entire the game.
 B = Kills by you in this place as a percentage of kills by you in the entire game.
 C = Kills by friends in this place as a percentage of kills by friends in the entire game.
 D = Other kills in this place as a percentage of other kills in the entire game.
 E = Experience gained in this place as a percentage of experience gained in the entire game.
 F = Experience gained in this place divided by the number of levels of this place that you have seen.
                   A       B       C       D       E      F
               +-------+-------+-------+-------+-------+----------------------
         Total | 100.0 | 100.0 |   N/A |   N/A | 100.0 | 379.3
       Dungeon |  74.1 |  74.1 |   N/A |   N/A |  87.1 | 424.6
         Sewer |  25.9 |  25.9 |   N/A |   N/A |  12.9 | 442.0
               +-------+-------+-------+-------+-------+----------------------
